 Dungeon Crawl Stone Soup version 0.20-a0-46-g4a4b873 (webtiles) character file.

22743 Gorggeron the Fighter (level 13, -12/122 HPs)
             Began as a Hill Orc Fighter on Nov 14, 2016.
             Was a High Priest of Okawaru.
             Mangled by an orc warlord
             ... wielding a +1 bardiche of venom
              (22 damage)
             ... on level 1 of the Orcish Mines.
             The game lasted 02:10:13 (15128 turns).

Gorggeron the Fighter (Hill Orc Fighter)           Turns: 15128, Time: 02:10:14

Health: -12/122    AC: 21    Str: 24    XL:     13   Next: 2%
Magic:  12/17      EV: 15    Int:  8    God:    Okawaru [*****.]
Gold:   1033       SH:  0    Dex: 10    Spells: 0 memorised, 12 levels left

rFire  . . .     SeeInvis +     P - +2 trident (pierce)
rCold  . . .     Gourm    .     M - +2 leather armour {rN+}
rNeg   + . .     Faith    .     (no shield)
rPois  .         Spirit   .     V - +1 hat {SInv}
rElec  .         Reflect  .     y - +1 cloak
rCorr  .         Harm     .     J - +2 pair of gloves
MR     .....                    r - +0 pair of boots
Stlth  ++........               N - amulet of magic regeneration
                                D - +2 ring of evasion
                                q - +6 ring of protection

@: lethally poisoned (-12 -> -29), heroism, finesse, very slightly contaminated,
hasted, very quick
A: thin metallic scales 1, deformed body, MP-powered wands
a: Heroism, Finesse, Renounce Religion, Convert to Beogh


You were on level 1 of the Orcish Mines.
You worshipped Okawaru.
Okawaru was extremely pleased with you.
You were not hungry.

You visited 3 branches of the dungeon, and saw 13 of its levels.

You collected 1308 gold pieces.
You spent 275 gold pieces at shops.

Inventory:

Hand Weapons
 a - a +0 war axe
 b - the +3 whip "Hizab" {holy, rPois Str+4 Int+3 Dex+3}
   (You found it on level 5 of the Dungeon)

   It has been blessed by the Shining One to cause great damage to the undead
   and demons.
   It affects your strength (+4).
   It affects your intelligence (+3).
   It affects your dexterity (+3).
   It protects you from poison.
 h - a +2 battleaxe
 l - a +0 battleaxe
 p - a +0 war axe of chopping
 x - a cursed -3 hand axe
 A - a +1 trident of protection
 E - a +4 shortbow
 F - a +1 war axe of flaming
 H - a +0 war axe of freezing
 L - a +1 dire flail of holy wrath
 P - a +2 trident of piercing (weapon)
 T - a +0 broad axe of electrocution
Missiles
 k - 185 arrows
 n - 449 stones
 B - 69 bolts
 C - 16 tomahawks (quivered)
 S - 6 tomahawks of dispersal
Armour
 c - a +0 shield
 d - a +0 plate armour
 r - a +0 pair of boots (worn)
 y - a +1 cloak (worn)
 J - a +2 pair of gloves (worn)
 M - a +2 leather armour of positive energy (worn)
 V - a +1 hat of see invisible (worn)
Jewellery
 m - an uncursed ring of see invisible
 q - a +6 ring of protection (left hand)
 z - a +3 ring of intelligence
 D - a +2 ring of evasion (right hand)
 N - an amulet of magic regeneration (around neck)
 O - an uncursed ring of ice
Wands
 w - a wand of flame (0/48)
 I - a wand of slowing (21/48)
 U - a wand of iceblast (10/15)
Scrolls
 e - a scroll of fear
 g - 3 scrolls of remove curse
 j - 12 scrolls of identify
 s - a scroll of blinking
 G - 2 scrolls of fog
 R - a scroll of magic mapping
Potions
 v - 5 potions of heal wounds
 K - 2 potions of haste
 Q - 3 potions of curing
 X - a potion of cancellation
 Y - a potion of agility
Miscellaneous
 W - a phantom mirror
Comestibles
 f - 9 bread rations
 i - 12 fruits
 o - 4 chunks of flesh
 t - 9 slices of pizza
 u - 6 beef jerkies
 Z - 3 meat rations


   Skills:
 * Level 13.5(18.5) Fighting
 + Level 13.2(19.4) Axes
 + Level 8.6(16.2) Maces & Flails
 + Level 0.2(12.2) Polearms
 + Level 4.8(9.8) Bows
 + Level 1.9(6.9) Throwing
 + Level 6.9(11.9) Armour
 + Level 9.3(14.3) Shields
 * Level 5.6 Invocations
 * Level 4.0 Evocations


You had 12 spell levels left.
You didn't know any spells.

Dungeon Overview and Level Annotations

Branches:
Dungeon (10/15)            Temple (1/1) D:7             Orc (2/2) D:10
    Elf (0/3) Orc:2
   Lair: D:8-11

Altars:
Ashenzari
Cheibriados
Dithmenos
Elyvilon
Fedhas
Gozag
Hepliaklqana
Kikubaaqudgha
Makhleb
Nemelex Xobeh
Okawaru
Qazlal
Ru
Sif Muna
Trog
Uskayaw
Vehumet
Xom
Yredelemnul
Zin
The Shining One
Beogh

Shops:
D:4 ?   D:7 !   Orc:2 [[[!

Annotations:
D:6 2 runed doors


Innate Abilities, Weirdness & Mutations

You are partially covered in thin metallic scales. (AC +2)
Armour fits poorly on your strangely shaped body.
You expend magic power (3 MP) to strengthen your wands.


Message History

The orc warlord is moderately wounded.
You feel sick. The troll barely misses you. The troll misses you.
The troll claws you but does no damage.
The orc warlord roars a battlecry!
The orc priest goes into a battle-frenzy!
Attack whom?
Press: ? - help, Dir - move target cursor, f/p - orc warlord
Aim: an orc warlord, wielding a bardiche of venom and wearing a runed chain mail (moderately wounded)
The troll is in the way.
You puncture the troll!
You kill the troll!
Okawaru accepts your kill.
The troll leather armour is intact enough to wear.
Your life force feels restored.
You feel sick.
You feel sick. The orc warrior closely misses you.
The orc priest invokes the aid of Beogh against you.
Beogh smites you!
* * * LOW HITPOINT WARNING * * *
The orc warlord hits you with a bardiche of venom!!
You die...

.... ....
.....
#o....
#oo..#
##oooo.#
###oooo.##
#.@ooho..#
####oo.....


oo..... ....... ##..... ..#.. ## # You could see an orc warlord, a warg, an orc
sorcerer, 4 orc warriors, 2 orc priests, 3 orc wizards and 6 orcs.

Vanquished Creatures
  An orc warlord (Orc:2)
  2 ogre magi (Orc:2)
  2 deep trolls
  2 hill giants (Orc:2)
  An ugly thing (D:6)
  2 orc sorcerers (Orc:2)
  2 cyclopes (Orc:2)
  9 trolls
  8 two-headed ogres
  A hornet (D:8)
  3 hippogriffs
  A human (D:7)
  8 yaks (D:9)
  4 hogs (D:7)
  2 hungry ghosts
  A steam dragon (D:9)
  Edmund (D:6)
  4 wargs (Orc:2)
  2 water moccasins
  2 black bears
  4 ice beasts
  An eye of draining (D:7)
  17 orc warriors
  3 sky beasts
  25 ogres
  5 centaurs
  A big kobold (D:8)
  5 bullfrogs
  2 water moccasin zombies
  2 scorpions
  11 killer bees (D:8)
  4 howler monkeys
  7 wights
  10 crimson imps
  A bullfrog zombie (D:7)
  A centaur zombie (D:7)
  6 hounds
  16 orc priests
  3 jellies
  4 bullfrog skeletons
  20 orc wizards
  Crazy Yiuf (D:3)
  5 centaur skeletons
  A gnoll shaman (D:6)
  4 iguanas
  5 worker ants
  A hound skeleton (D:7)
  A howler monkey zombie (D:6)
  3 gnolls (D:3)
  10 adders
  A river rat (D:3)
  A shadow imp (D:9)
  An ooze (D:1)
  An adder skeleton (D:6)
  An adder zombie (D:8)
  3 dart slugs
  6 worms
  6 leopard geckos
  54 orcs
  3 ball pythons
  7 bats
  12 giant cockroaches
  19 goblins
  9 hobgoblins
  8 jackals (D:1)
  14 kobolds
  3 quokkas
  8 frilled lizards
  4 quokka skeletons
  9 rats
407 creatures vanquished.

Notes
Turn   | Place    | Note
-------+----------+-------------------------------------------
     0 | D:1      | Gorggeron the Hill Orc Fighter began the quest for the Orb.
     0 | D:1      | Reached XP level 1. HP: 19/19 MP: 1/1
   197 | D:1      | Reached XP level 2. HP: 24/27 MP: 2/2
   480 | D:1      | Reached XP level 3. HP: 33/33 MP: 3/3
  1173 | D:2      | Found a bloodstained altar of Trog.
  1191 | D:2      | Reached XP level 4. HP: 41/41 MP: 4/4
  1982 | D:3      | Reached XP level 5. HP: 28/47 MP: 5/5
  2005 | D:3      | Found a runed door.
  2009 | D:3      | Noticed Crazy Yiuf
  2013 | D:3      | Killed Crazy Yiuf
  2329 | D:3      | Found a shadowy altar of Dithmenos.
  2547 | D:3      | Reached skill level 5 in Fighting
  2547 | D:3      | Reached skill level 5 in Axes
  2550 | D:3      | Reached XP level 6. HP: 51/56 MP: 6/6
  2925 | D:4      | Found Nigg's Magic Scroll Shop.
  2945 | D:4      | Bought a scroll of identify for 26 gold pieces
  2945 | D:4      | Bought a scroll of remove curse for 39 gold pieces
  2988 | D:4      | Reached XP level 7. HP: 58/61 MP: 7/7
  3072 | D:4      | Reached skill level 5 in Shields
  3666 | D:5      | Entered Level 5 of the Dungeon
  3689 | D:5      | Got a brightly glowing whip
  3690 | D:5      | Identified the +3 whip "Hizab" {holy, rPois Str+4 Int+3 Dex+3} (You found it on level 5 of the Dungeon)
  4022 | D:5      | Reached XP level 8. HP: 70/70 MP: 8/8
  4044 | D:5      | Reached skill level 1 in Maces & Flails
  4266 | D:5      | Found a snail-covered altar of Cheibriados.
  4475 | D:6      | Found a large runed door.
  4523 | D:6      | Found a large runed door.
  4630 | D:6      | Noticed Edmund
  4637 | D:6      | Reached skill level 5 in Armour
  4648 | D:6      | Killed Edmund
  4892 | D:6      | Reached XP level 9. HP: 74/79 MP: 9/9
  4903 | D:6      | Found a large runed door.
  4904 | D:6      | Found a large runed door.
  5295 | D:6      | Reached skill level 5 in Maces & Flails
  5457 | D:6      | Found a glowing golden altar of the Shining One.
  5457 | D:6      | Found an iron altar of Okawaru.
  5464 | D:6      | Became a worshipper of Warmaster Okawaru
  5586 | D:6      | Noticed a brown ugly thing
  5627 | D:6      | Killed a brown ugly thing
  5627 | D:6      | Reached * piety under Okawaru
  6061 | D:7      | Found a staircase to the Ecumenical Temple.
  6071 | Temple   | Entered the Ecumenical Temple
  6311 | D:7      | Reached XP level 10. HP: 90/90 MP: 10/10
  6333 | D:7      | Reached ** piety under Okawaru
  6464 | D:7      | Found Ciusaips's Distillery.
  6471 | D:7      | Bought a potion of haste for 140 gold pieces
  6471 | D:7      | Bought a potion of berserk rage for 70 gold pieces
  6800 | D:7      | Gained mutation: Armour fits poorly on your strangely shaped body. [potion of mutation]
  6800 | D:7      | Gained mutation: You expend magic power (3 MP) to strengthen your wands. [potion of mutation]
  6800 | D:7      | Gained mutation: You are partially covered in thin metallic scales. (AC +2) [potion of mutation]
  7272 | D:8      | Reached *** piety under Okawaru
  7531 | D:8      | Reached skill level 10 in Fighting
  8119 | D:8      | Reached skill level 1 in Throwing
  8206 | D:9      | Reached **** piety under Okawaru
  8229 | D:9      | Reached XP level 11. HP: 49/101 MP: 9/11
  8434 | D:9      | Found a radiant altar of Vehumet.
  8435 | D:9      | Found a burning altar of Makhleb.
  8480 | D:9      | Reached skill level 10 in Axes
  8598 | D:9      | Found a stormy altar of Qazlal.
  8658 | D:9      | Found a shimmering altar of Xom.
  8852 | D:9      | Reached ***** piety under Okawaru
  9025 | D:10     | Entered Level 10 of the Dungeon
  9251 | D:10     | Found a staircase to the Orcish Mines.
  9379 | D:10     | Received a gift from Okawaru
  9605 | D:10     | Reached skill level 1 in Bows
 10180 | Orc:1    | Entered Level 1 of the Orcish Mines
 10203 | Orc:1    | Reached skill level 1 in Invocations
 10662 | Orc:1    | Found a bloodstained altar of Trog.
 10849 | Orc:2    | Entered Level 2 of the Orcish Mines
 10880 | Orc:2    | Reached skill level 1 in Evocations
 10960 | Orc:2    | Noticed a cyclops
 10963 | Orc:2    | Noticed a hill giant
 10976 | Orc:2    | Killed a hill giant
 10976 | Orc:2    | Killed a cyclops
 10979 | Orc:2    | Noticed an ogre mage
 11499 | Orc:1    | Reached XP level 12. HP: 23/112 MP: 14/14
 12113 | Orc:2    | Killed an ogre mage
 12138 | Orc:2    | Received a gift from Okawaru
 12446 | Orc:2    | Found Zasogec's Armour Emporium.
 12452 | Orc:2    | Found Cuobem's Antique Armour Shoppe.
 12468 | Orc:2    | Found Mara's Antique Armour Shop.
 12491 | Orc:2    | Noticed an ogre mage
 13719 | Orc:2    | Killed an ogre mage
 13719 | Orc:2    | Received a gift from Okawaru
 14121 | Orc:2    | Found Hawouw's Distillery.
 14260 | Orc:2    | Found a staircase to the Elven Halls.
 14283 | Orc:2    | Noticed a soul eater
 14290 | Orc:2    | Received a gift from Okawaru
 14290 | Orc:2    | Reached skill level 5 in Invocations
 14356 | Orc:2    | Noticed an orc warlord
 14661 | Orc:2    | Paralysed by an orc sorcerer for 5 turns
 14771 | Orc:2    | Killed an orc warlord
 14771 | Orc:2    | Received a gift from Okawaru
 14834 | Orc:2    | Found a roughly hewn altar of Beogh.
 14889 | Orc:2    | Reached XP level 13. HP: 93/122 MP: 17/17
 15108 | Orc:1    | Noticed an orc warlord
 15128 | Orc:1    | Mangled by an orc warlord

Vault maps used:
D:1:      dpeg_arrival_court
D:2:      minivault_25, roderic_lattice_a, trog_hazing_becter
D:3:      lemuel_round_altar, gup_sewer_entry_bowl, first_bread,
          uniq_crazy_yiuf_cottage
D:4:      serial_shops, shop_scrolls
D:5:      kennysheep_mini_moat
D:6:      gammafunk_temple_overflow_pools, grunt_ministairs_15,
          minmay_hollow_rounded_squares, uniq_edmund
D:7:      serial_shops, shop, grunt_livestock
D:8:      minmay_misc_feat_enclosed, grunt_ministairs_11
D:9:      grunt_temple_overflow_lords_of_destruction,
          nicolae_qazlal_general_emergency, old_standard_altar
D:10:     orc_0_dummy
Temple:   nicolae_temple_figure_eight
Orc:1:    basic_altar
Orc:2:    st_orc_open, basic_altar

Skill      XL: |  1  2  3  4  5  6  7  8  9 10 11 12 |
---------------+-------------------------------------+-----
Fighting       | 4 5 6 7 8 10 12 13 | 13.5
Axes           | 3 4 5 6 7 8 9 11 13 | 13.2
Shields        | 4 5 6 7 9 |  9.3
Armour         | 4 5 6 |  6.9
Maces & Flails | 4 7 8 |  8.6
Throwing       | 1 |  1.9
Bows           | 2 4 |  4.8
Invocations    | 3 5 |  5.6
Evocations     | 2 4 |  4.0
Polearms       | |  0.2

Action                   |  1- 3 |  4- 6 |  7- 9 | 10-12 | 13-15 || total
-------------------------+-------+-------+-------+-------+-------++-------
Melee: War axe           |   148 |   202 |   111 |   190 |       ||   651
       Whip              |       |       |   340 |   243 |       ||   583
       Battleaxe         |       |       |       |   282 |       ||   282
       Dire flail        |       |       |       |    23 |       ||    23
       Trident           |       |       |       |       |    13 ||    13
 Fire: Shortbow          |       |       |       |   206 |       ||   206
Throw: Tomahawk          |       |       |     4 |    23 |       ||    27
       Stone             |       |       |       |     2 |       ||     2
Invok: Heroism           |       |       |       |     6 |     1 ||     7
       Finesse           |       |       |       |     2 |     1 ||     3
  Use: Potion            |     3 |     4 |     6 |     3 |     1 ||    17
       Scroll            |     2 |     3 |     5 |     9 |       ||    19
  Eat: Chunk             |     1 |     7 |    11 |    26 |       ||    45
       Royal jelly       |       |       |       |     1 |       ||     1
Armor: Scale mail        |    97 |    73 |       |       |       ||   170
       Chain mail        |       |    15 |   147 |       |       ||   162
       Plate armour      |       |       |    25 |    22 |       ||    47
       Leather armour    |       |       |       |   265 |    10 ||   275
Dodge: Dodged            |    63 |    40 |    61 |   339 |    19 ||   522
Block: Shield            |    94 |    82 |   149 |   181 |       ||   506
